MWL (24 & UNDER)
COLUMBIA 08S @ PLUMSTEAD EAGLES
08/30/2023
 
TOP OF THE 1ST
Columbia 08s batting - Pitching for Plumstead Eagles : LHP Armando Rodríguez
Pitching: LHP Armando Rodríguez
Batting: SHB Roberto Rivera 0-0: Foul Ball, location: 2F
0-1: Foul Ball, location: 2F
0-2: Strikes out looking
Batting: RHB Vic Langlois 0-0: Ball
1-0: Foul Ball, location: 2F
1-1: Called Strike
1-2: Strikes out looking
Batting: RHB Jesús Souza 0-0: Ball
1-0: Called Strike
1-1: Swinging Strike
1-2: Strikes out swinging
Top of the 1st over - 0 run(s), 0 hit(s), 0 error(s), 0 left on base; Columbia 0 - Plumstead 0
BOTTOM OF THE 1ST
Plumstead Eagles batting - Pitching for Columbia 08s : LHP Darrell Harding
Pitching: LHP Darrell Harding
Batting: RHB Tim Gardner 0-0: Foul Ball, location: 2F
0-1: Ball
1-1: SINGLE (Line Drive, 56D)
Batting: RHB J.J. Leslie 0-0: Ball
Wild Pitch!
Tim Gardner to second
1-0: Ground out 1-3 (Groundball, 13)
Tim Gardner to third
Batting: LHB Eduardo Rodríguez 0-0: Fly out, F7 (Popup, 78S)
Batting: RHB Germano Labrego 0-0: Ball
1-0: Foul Ball, location: 2F
1-1: Foul Ball, location: 2F
1-2: Foul Ball, location: 2F
1-2: Ball
2-2: Strikes out swinging
Bottom of the 1st over - 0 run(s), 1 hit(s), 0 error(s), 1 left on base; Columbia 0 - Plumstead 0
TOP OF THE 2ND
Columbia 08s batting - Pitching for Plumstead Eagles : LHP Armando Rodríguez
Batting: RHB Felipe Rego 0-0: Ball
1-0: Ball
2-0: Swinging Strike
2-1: Foul Ball, location: 2F
2-2: Foul Ball, location: 2F
2-2: Foul Ball, location: 2F
2-2: Ball
3-2: Ground out 6-3 (Groundball, 6M)
Now at SS: Pablo Villarreal
Batting: RHB Ryosei Yamamoto 0-0: Ball
1-0: Called Strike
1-1: Foul Ball, location: 2F
1-2: Strikes out looking
Batting: LHB José Costa 0-0: Swinging Strike
0-1: Foul Ball, location: 2F
0-2: Ground out 6-3 (Groundball, 6)
Top of the 2nd over - 0 run(s), 0 hit(s), 0 error(s), 0 left on base; Columbia 0 - Plumstead 0
BOTTOM OF THE 2ND
Plumstead Eagles batting - Pitching for Columbia 08s : LHP Darrell Harding
Batting: SHB Nate Rhodes 0-0: Ball
1-0: Ball
2-0: Foul Ball, location: 2F
2-1: Foul Ball, location: 2F
2-2: Foul Ball, location: 2F
2-2: Strikes out swinging
Batting: RHB Norogumi Tanaka 0-0: Ball
1-0: Called Strike
1-1: Ball
2-1: Swinging Strike
2-2: Ball
3-2: Strikes out swinging
Batting: RHB Ron King 0-0: Swinging Strike
0-1: Called Strike
0-2: Fly out, F6 (Popup, 6D)
Bottom of the 2nd over - 0 run(s), 0 hit(s), 0 error(s), 0 left on base; Columbia 0 - Plumstead 0
TOP OF THE 3RD
Columbia 08s batting - Pitching for Plumstead Eagles : LHP Armando Rodríguez
Batting: RHB Cristo García 0-0: Called Strike
0-1: Called Strike
0-2: Ball
1-2: Ball
2-2: Strikes out swinging
Batting: RHB Roberto Martínez 0-0: Ground out 1-3 (Groundball, 15)
Batting: RHB Alfredo Hernández 0-0: Ball
1-0: Ground out 4-3 (Groundball, 34)
Top of the 3rd over - 0 run(s), 0 hit(s), 0 error(s), 0 left on base; Columbia 0 - Plumstead 0
BOTTOM OF THE 3RD
Plumstead Eagles batting - Pitching for Columbia 08s : LHP Darrell Harding
Batting: RHB Pablo Villarreal 0-0: Called Strike
0-1: Foul Ball, location: 2F
0-2: Ball
1-2: Ball
2-2: Strikes out looking
Batting: RHB Louis Smith 0-0: Called Strike
0-1: Foul Ball, location: 2F
0-2: Strikes out swinging
Batting: RHB Tim Gardner 0-0: Foul Ball, location: 2F
0-1: Ball
1-1: Foul Ball, location: 2F
1-2: Strikes out looking
Bottom of the 3rd over - 0 run(s), 0 hit(s), 0 error(s), 0 left on base; Columbia 0 - Plumstead 0
TOP OF THE 4TH
Columbia 08s batting - Pitching for Plumstead Eagles : LHP Armando Rodríguez
Batting: SHB Roberto Rivera 0-0: Ball
1-0: Called Strike
1-1: Fly out, F8 (Flyball, 8LM)
Batting: RHB Vic Langlois 0-0: Swinging Strike
0-1: Ball
1-1: Ball
2-1: SOLO HOME RUN (Flyball, 89XD), Distance : 386 ft
Batting: RHB Jesús Souza 0-0: Called Strike
0-1: Ball
1-1: Foul Ball, location: 2F
1-2: Strikes out swinging
Batting: RHB Felipe Rego 0-0: Foul Ball, location: 2F
0-1: Ball
1-1: Ball
2-1: Ground out 5-3 (Groundball, 5S)
Top of the 4th over - 1 run(s), 1 hit(s), 0 error(s), 0 left on base; Columbia 1 - Plumstead 0
BOTTOM OF THE 4TH
Plumstead Eagles batting - Pitching for Columbia 08s : LHP Darrell Harding
Batting: RHB J.J. Leslie 0-0: Ball
1-0: Foul Ball, location: 2F
1-1: Called Strike
1-2: Foul Ball, location: 2F
1-2: Strikes out swinging
Batting: LHB Eduardo Rodríguez 0-0: Foul Ball, location: 2F
0-1: Ball
1-1: Called Strike
1-2: Foul Ball, location: 2F
1-2: SINGLE (Groundball, 3S) (infield hit)
Batting: RHB Germano Labrego 0-0: Ball
1-0: Ball
2-0: Ball
3-0: Called Strike
3-1: Grounds into double play, 6-4-3 (Groundball, 6M)
Bottom of the 4th over - 0 run(s), 1 hit(s), 0 error(s), 0 left on base; Columbia 1 - Plumstead 0
TOP OF THE 5TH
Columbia 08s batting - Pitching for Plumstead Eagles : LHP Armando Rodríguez
Batting: RHB Ryosei Yamamoto 0-0: Called Strike
0-1: Ball
1-1: Swinging Strike
1-2: Strikes out swinging
Batting: LHB José Costa 0-0: Called Strike
0-1: Ball
1-1: Ball
2-1: Fly out, F5 (Popup, 5SF)
Batting: RHB Cristo García 0-0: Ball
1-0: Fly out, F7 (Flyball, 7M)
Top of the 5th over - 0 run(s), 0 hit(s), 0 error(s), 0 left on base; Columbia 1 - Plumstead 0
BOTTOM OF THE 5TH
Plumstead Eagles batting - Pitching for Columbia 08s : LHP Darrell Harding
Batting: SHB Nate Rhodes 0-0: Called Strike
0-1: Called Strike
0-2: Strikes out swinging
Batting: RHB Norogumi Tanaka 0-0: Ball
1-0: Ball
2-0: Ball
3-0: Base on Balls
Batting: RHB Ron King 0-0: Ball
1-0: Ball
2-0: Called Strike
2-1: Ball
3-1: Foul Ball, location: 2F
3-2: Strikes out swinging
Batting: RHB Pablo Villarreal 0-0: Ball
Norogumi Tanaka is caught stealing 2nd base
Bottom of the 5th over - 0 run(s), 0 hit(s), 0 error(s), 0 left on base; Columbia 1 - Plumstead 0
TOP OF THE 6TH
Columbia 08s batting - Pitching for Plumstead Eagles : LHP Armando Rodríguez
Batting: RHB Roberto Martínez 0-0: Called Strike
0-1: Foul Ball, location: 2F
0-2: Strikes out swinging
Batting: RHB Alfredo Hernández 0-0: Fly out, F7 (Flyball, 7S)
Batting: SHB Roberto Rivera 0-0: Ball
1-0: Ball
2-0: Foul Ball, location: 2F
2-1: Fly out, F8 (Flyball, 8RD)
Top of the 6th over - 0 run(s), 0 hit(s), 0 error(s), 0 left on base; Columbia 1 - Plumstead 0
BOTTOM OF THE 6TH
Plumstead Eagles batting - Pitching for Columbia 08s : LHP Darrell Harding
Batting: RHB Pablo Villarreal 0-0: Ball
1-0: Called Strike
1-1: Ball
2-1: Foul Ball, location: 2F
2-2: Ball
3-2: Foul Ball, location: 2F
3-2: Foul Ball, location: 2F
3-2: Foul Ball, location: 2F
3-2: Base on Balls
Batting: RHB Louis Smith 0-0: Ball
Pablo Villarreal steals 2nd base
1-0: Called Strike
1-1: Ball
2-1: Called Strike
2-2: Foul Ball, location: 2F
2-2: Strikes out looking
Batting: RHB Tim Gardner 0-0: Ball
1-0: Ball
2-0: Called Strike
2-1: Swinging Strike
2-2: Strikes out swinging
Pitching: RHP Brad Sharpe
Batting: RHB J.J. Leslie 0-0: Ball
1-0: Ball
2-0: Called Strike
2-1: Called Strike
2-2: Foul Ball, location: 2F
2-2: Ground out 3-1 (Groundball, 34)
Bottom of the 6th over - 0 run(s), 0 hit(s), 0 error(s), 1 left on base; Columbia 1 - Plumstead 0
TOP OF THE 7TH
Columbia 08s batting - Pitching for Plumstead Eagles : LHP Armando Rodríguez
Batting: RHB Vic Langlois 0-0: Fly out, F9 (Flyball, 9LM)
Batting: RHB Jesús Souza 0-0: Foul Ball, location: 2F
0-1: Swinging Strike
0-2: SINGLE (Groundball, 6)
Batting: RHB Felipe Rego 0-0: Ball
1-0: Called Strike
1-1: Ball
2-1: Ball
3-1: Base on Balls
Jesús Souza to second
Batting: RHB Ryosei Yamamoto 0-0: Called Strike
0-1: Swinging Strike
0-2: Foul Ball, location: 2F
0-2: Ball
1-2: Strikes out swinging
Batting: LHB José Costa 0-0: Called Strike
0-1: Foul Ball, location: 2F
0-2: Foul Ball, location: 2F
0-2: Strikes out swinging
Top of the 7th over - 0 run(s), 1 hit(s), 0 error(s), 2 left on base; Columbia 1 - Plumstead 0
BOTTOM OF THE 7TH
Plumstead Eagles batting - Pitching for Columbia 08s : RHP Brad Sharpe
Pitching: LHP Félix García
Batting: LHB Eduardo Rodríguez 0-0: Foul Ball, location: 2F
0-1: Swinging Strike
0-2: Ball
1-2: Ball
2-2: DOUBLE (Flyball, 89XD)
Pitching: RHP Danny Johnston
Batting: RHB Germano Labrego 0-0: Called Strike
0-1: Foul Ball, location: 2F
0-2: Ball
1-2: Strikes out looking
Batting: SHB Nate Rhodes 0-0: Called Strike
0-1: Ball
1-1: Ball
2-1: Ground out 4-3 (Groundball, 34)
Eduardo Rodríguez to third
Batting: RHB Norogumi Tanaka 0-0: Ball
1-0: Ball
2-0: Ball
3-0: Base on Balls
Pinch Hitting: RHB David Moran 0-0: Called Strike
0-1: Foul Ball, location: 2F
0-2: Ball
1-2: Foul Ball, location: 2F
1-2: Ball
2-2: Ball
3-2: Foul Ball, location: 2F
3-2: Strikes out swinging
Bottom of the 7th over - 0 run(s), 1 hit(s), 0 error(s), 2 left on base; Columbia 1 - Plumstead 0
TOP OF THE 8TH
Columbia 08s batting - Pitching for Plumstead Eagles : LHP Armando Rodríguez
Pitching: LHP Pat Bruce
Now at 2B: Hubert Brown
Batting: RHB Cristo García 0-0: Ball
1-0: SINGLE (Flyball, 8LS)
Batting: RHB Roberto Martínez 0-0: Ball
1-0: Bunt missed!
1-1: Bunted foul
1-2: Ball
Cristo García steals 2nd base
2-2: Ball
3-2: Base on Balls
Batting: RHB Alfredo Hernández 0-0: Called Strike
0-1: Ball
1-1: Ball
2-1: Sac Bunt - play at first, batter OUT! 1-4
Cristo García to third
Roberto Martínez to second
Batting: SHB Roberto Rivera 0-0: Ball
1-0: Ball
2-0: Called Strike
2-1: Swinging Strike
2-2: SINGLE (Line Drive, 7LS)
Cristo García scores
Roberto Martínez to third
Runner from 3rd tries for Home, SAFE, no throw or cutoff
Pitching: RHP Lane Lund
Batting: RHB Vic Langlois 0-0: Ball
1-0: Grounds into double play, 6-4-3 (Groundball, 6)
Top of the 8th over - 2 run(s), 2 hit(s), 0 error(s), 0 left on base; Columbia 3 - Plumstead 0
BOTTOM OF THE 8TH
Plumstead Eagles batting - Pitching for Columbia 08s : RHP Danny Johnston
Batting: RHB Pablo Villarreal 0-0: Ball
1-0: Called Strike
1-1: Ball
2-1: Foul Ball, location: 2F
2-2: Strikes out swinging
Batting: RHB Louis Smith 0-0: Ball
1-0: Ball
2-0: Swinging Strike
2-1: Foul Ball, location: 2F
2-2: Ball
3-2: Foul Ball, location: 2F
3-2: Ground out 6-3 (Groundball, 6M)
Batting: RHB Tim Gardner 0-0: Ball
1-0: Called Strike
1-1: Swinging Strike
1-2: Strikes out looking
Bottom of the 8th over - 0 run(s), 0 hit(s), 0 error(s), 0 left on base; Columbia 3 - Plumstead 0
TOP OF THE 9TH
Columbia 08s batting - Pitching for Plumstead Eagles : RHP Lane Lund
Batting: RHB Jesús Souza 0-0: Ball
1-0: Ground out 6-3 (Groundball, 6)
Batting: RHB Felipe Rego 0-0: Called Strike
0-1: Foul Ball, location: 2F
0-2: Strikes out looking
Batting: RHB Ryosei Yamamoto 0-0: Foul Ball, location: 2F
0-1: Ground out 6-3 (Groundball, 6)
Top of the 9th over - 0 run(s), 0 hit(s), 0 error(s), 0 left on base; Columbia 3 - Plumstead 0
BOTTOM OF THE 9TH
Plumstead Eagles batting - Pitching for Columbia 08s : RHP Danny Johnston
Pitching: RHP Irwin Conway
Batting: RHB J.J. Leslie 0-0: Ball
1-0: Swinging Strike
1-1: Ground out 5-3 (Groundball, 56S)
Batting: LHB Eduardo Rodríguez 0-0: Ball
Single, Error in OF, E7, batter to second base
Batting: RHB Germano Labrego 0-0: Called Strike
0-1: Ball
1-1: Ball
2-1: Ball
3-1: Base on Balls
Batting: SHB Nate Rhodes 0-0: Swinging Strike
0-1: Swinging Strike
0-2: Ball
1-2: Foul Ball, location: 2F
1-2: Strikes out looking
Batting: RHB Norogumi Tanaka 0-0: Foul Ball, location: 2F
0-1: Ball
1-1: Ground out 6-3 (Groundball, 6)
Bottom of the 9th over - 0 run(s), 1 hit(s), 1 error(s), 2 left on base; Columbia 3 - Plumstead 0
This league is powered by Out of the Park Baseball, the baseball management simulation game for PC, Mac and Linux
Wednesday, December 2nd, 2015 - OOTP Baseball 16.8 Build 38